3AAA
AUGUSTA TIMBER HAWKS @ GRYFINDOR BRAVES
08/31/2020
 
TOP OF THE 1ST
Augusta Timber Hawks batting - Pitching for Gryfindor Braves : RHP Jim Unknown
Pitching: RHP Jim Unknown
Batting: LHB Mike Hanson 0-0: Ball
1-0: Ball
2-0: Fly out, F8 (Flyball, 8LM)
Batting: LHB Eugene Lawrence 0-0: Ball
1-0: Ground out 4-3 (Groundball, 4M)
Batting: SHB Lawrence Franklin 0-0: Ball
1-0: Ball
2-0: Ball
3-0: Called Strike
3-1: Fly out, F8 (Line Drive, 8LM)
Top of the 1st over - 0 run(s), 0 hit(s), 0 error(s), 0 left on base; Augusta 0 - Gryfindor 0
BOTTOM OF THE 1ST
Gryfindor Braves batting - Pitching for Augusta Timber Hawks : RHP Rory Robinson
Pitching: RHP Rory Robinson
Batting: RHB António Santana 0-0: Ball
1-0: Ball
2-0: Swinging Strike
2-1: Ball
3-1: Called Strike
3-2: Ground out 5-3 (Groundball, 15S)
Batting: SHB Jim Unknown 0-0: Ball
1-0: Called Strike
1-1: Ball
2-1: Ball
3-1: Base on Balls
Batting: LHB Jim Unknown 0-0: Ball
1-0: Ball
2-0: Called Strike
2-1: Called Strike
2-2: Grounds into double play, 4-6-3 (Groundball, 4)
Bottom of the 1st over - 0 run(s), 0 hit(s), 0 error(s), 0 left on base; Augusta 0 - Gryfindor 0
TOP OF THE 2ND
Augusta Timber Hawks batting - Pitching for Gryfindor Braves : RHP Jim Unknown
Batting: RHB Eddy Baxter 0-0: Fly out, F9 (Flyball, 9M)
Batting: RHB Hiwahikeiki Noelani 0-0: Foul Ball, location: 2F
0-1: TRIPLE (Flyball, 89M)
Batting: RHB Jack Hatcher 0-0: Called Strike
0-1: Called Strike
0-2: Ball
1-2: Ball
2-2: Fly out, F8 (Flyball, 8LM)
Runner from 3rd tags up, SCORES, no throw
Batting: RHB Elvis Larson 0-0: Ground out 1-3 (Groundball, 23)
Top of the 2nd over - 1 run(s), 1 hit(s), 0 error(s), 0 left on base; Augusta 1 - Gryfindor 0
BOTTOM OF THE 2ND
Gryfindor Braves batting - Pitching for Augusta Timber Hawks : RHP Rory Robinson
Batting: RHB Turner Coleman 0-0: Ball
1-0: Fly out, F8 (Flyball, 8LS)
Batting: RHB Jim Unknown 0-0: Ball
1-0: Ball
2-0: Foul Ball, location: 2F
2-1: Foul Ball, location: 2F
2-2: Foul Ball, location: 2F
2-2: Foul Ball, location: 2F
2-2: Ball
3-2: Base on Balls
Batting: SHB Jim Unknown 0-0: SINGLE (Line Drive, 4D)
Jim Unknown to second
Batting: RHB Jim Unknown 0-0: SINGLE (Groundball, 34D)
Jim Unknown to third
Jim Unknown to second
Batting: RHB Jim Unknown 0-0: Called Strike
0-1: Grounds into double play, 5-4-3 (Groundball, 5)
Bottom of the 2nd over - 0 run(s), 2 hit(s), 0 error(s), 2 left on base; Augusta 1 - Gryfindor 0
TOP OF THE 3RD
Augusta Timber Hawks batting - Pitching for Gryfindor Braves : RHP Jim Unknown
Batting: RHB Claudio Mendoza 0-0: Called Strike
0-1: Ball
1-1: Swinging Strike
1-2: Ball
2-2: Strikes out swinging
Batting: RHB Pedro Jiménez 0-0: SINGLE (Line Drive, 8LS)
Batting: LHB Mike Hanson 0-0: Ball
1-0: Ball
Pedro Jiménez steals 2nd base
2-0: Fly out, F7 (Popup, 56D)
Batting: LHB Eugene Lawrence 0-0: Foul Ball, location: 2F
0-1: Ball
1-1: Foul Ball, location: 2F
1-2: Strikes out looking
Top of the 3rd over - 0 run(s), 1 hit(s), 0 error(s), 1 left on base; Augusta 1 - Gryfindor 0
BOTTOM OF THE 3RD
Gryfindor Braves batting - Pitching for Augusta Timber Hawks : RHP Rory Robinson
Batting: RHB Jim Unknown 0-0: Foul Ball, location: 2F
0-1: Hit by Pitch
Batting: RHB António Santana 0-0: Grounds into double play, 6-4-3 (Groundball, 6)
Batting: SHB Jim Unknown 0-0: SINGLE (Groundball, 6MD)
Batting: LHB Jim Unknown 0-0: Ball
1-0: Foul Ball, location: 2F
1-1: Fly out, F7 (Flyball, 7S)
Bottom of the 3rd over - 0 run(s), 1 hit(s), 0 error(s), 1 left on base; Augusta 1 - Gryfindor 0
TOP OF THE 4TH
Augusta Timber Hawks batting - Pitching for Gryfindor Braves : RHP Jim Unknown
Batting: SHB Lawrence Franklin 0-0: Ball
1-0: Ball
2-0: Ball
3-0: Base on Balls
Batting: RHB Eddy Baxter 0-0: Called Strike
Lawrence Franklin steals 2nd base
0-1: SINGLE (Groundball, 56)
Lawrence Franklin to third
Batting: RHB Hiwahikeiki Noelani 0-0: Ball
1-0: SINGLE (Flyball, 8LS)
Lawrence Franklin scores
Eddy Baxter to second
Batting: RHB Jack Hatcher 0-0: Ball
1-0: Called Strike
1-1: Called Strike
1-2: Foul Ball, location: 2F
1-2: Grounds into double play, 5-4-3 (Groundball, 56)
Eddy Baxter to third
Batting: RHB Elvis Larson 0-0: Swinging Strike
0-1: Called Strike
0-2: Foul Ball, location: 2F
0-2: Ball
1-2: Ball
2-2: Ball
3-2: Base on Balls
Batting: RHB Claudio Mendoza 0-0: Ball
1-0: Fielders Choice at 2nd, U6 (Groundball, 6M)
Top of the 4th over - 1 run(s), 2 hit(s), 0 error(s), 2 left on base; Augusta 2 - Gryfindor 0
BOTTOM OF THE 4TH
Gryfindor Braves batting - Pitching for Augusta Timber Hawks : RHP Rory Robinson
Batting: RHB Turner Coleman 0-0: Swinging Strike
0-1: Ball
1-1: Ball
2-1: Fly out, F6 (Popup, 6MS)
Batting: RHB Jim Unknown 0-0: Ball
1-0: Ball
2-0: Ball
3-0: Called Strike
3-1: Foul Ball, location: 2F
3-2: Strikes out swinging
Batting: SHB Jim Unknown 0-0: Ball
1-0: Ball
2-0: Swinging Strike
2-1: Ball
3-1: SINGLE (Groundball, 4M)
Batting: RHB Jim Unknown 0-0: Called Strike
0-1: Ground out 6-3 (Groundball, 6)
Bottom of the 4th over - 0 run(s), 1 hit(s), 0 error(s), 1 left on base; Augusta 2 - Gryfindor 0
TOP OF THE 5TH
Augusta Timber Hawks batting - Pitching for Gryfindor Braves : RHP Jim Unknown
Batting: RHB Pedro Jiménez 0-0: Called Strike
0-1: Ball
1-1: Ball
2-1: Ball
3-1: Base on Balls
Batting: LHB Mike Hanson 0-0: Ball
1-0: Sac Bunt - play at first, batter OUT! 2-4
Pedro Jiménez to second
Batting: LHB Eugene Lawrence 0-0: Foul Ball, location: 2F
0-1: Foul Ball, location: 2F
0-2: Ball
1-2: Ground out U3 (Groundball, 3S)
Pedro Jiménez to third
Batting: SHB Lawrence Franklin 0-0: Ball
1-0: Called Strike
1-1: Ball
2-1: Fly out, F7 (Flyball, 7M)
Top of the 5th over - 0 run(s), 0 hit(s), 0 error(s), 1 left on base; Augusta 2 - Gryfindor 0
BOTTOM OF THE 5TH
Gryfindor Braves batting - Pitching for Augusta Timber Hawks : RHP Rory Robinson
Batting: RHB Jim Unknown 0-0: Called Strike
0-1: Called Strike
0-2: SINGLE (Line Drive, 8RS)
Batting: RHB Jim Unknown 0-0: Sac Bunt - play at second, runner OUT -> throw to first, DP!
Batting: RHB António Santana 0-0: Called Strike
0-1: Ball
1-1: Ball
2-1: Ball
3-1: Base on Balls
Batting: SHB Jim Unknown 0-0: Called Strike
0-1: Ground out 4-3 (Groundball, 4)
Bottom of the 5th over - 0 run(s), 1 hit(s), 0 error(s), 1 left on base; Augusta 2 - Gryfindor 0
TOP OF THE 6TH
Augusta Timber Hawks batting - Pitching for Gryfindor Braves : RHP Jim Unknown
Batting: RHB Eddy Baxter 0-0: Ball
1-0: Ground out U3 (Groundball, 3L)
Batting: RHB Hiwahikeiki Noelani 0-0: Foul Ball, location: 2F
0-1: SINGLE (Groundball, 6M) (infield hit)
Batting: RHB Jack Hatcher 0-0: Ball
Hiwahikeiki Noelani steals 2nd base
1-0: Intentional Walk
Batting: RHB Elvis Larson 0-0: Called Strike
0-1: Fly out, F9 (Flyball, 9M)
Batting: RHB Claudio Mendoza 0-0: Called Strike
0-1: Ground out 5-3 (Groundball, 5)
Top of the 6th over - 0 run(s), 1 hit(s), 0 error(s), 2 left on base; Augusta 2 - Gryfindor 0
BOTTOM OF THE 6TH
Gryfindor Braves batting - Pitching for Augusta Timber Hawks : RHP Rory Robinson
Batting: LHB Jim Unknown 0-0: Called Strike
0-1: Ball
1-1: Hit by Pitch
Batting: RHB Turner Coleman 0-0: Grounds into double play, 1-6-3 (Groundball, 15)
Batting: RHB Jim Unknown 0-0: Ball
1-0: DOUBLE (Line Drive, 5D)
Batting: SHB Jim Unknown 0-0: Called Strike
0-1: Ball
1-1: Ground out 6-3 (Groundball, 6)
Bottom of the 6th over - 0 run(s), 1 hit(s), 0 error(s), 1 left on base; Augusta 2 - Gryfindor 0
TOP OF THE 7TH
Augusta Timber Hawks batting - Pitching for Gryfindor Braves : RHP Jim Unknown
Batting: RHB Pedro Jiménez 0-0: Ball
1-0: Foul Ball, location: 2F
1-1: Foul Ball, location: 2F
1-2: Ball
2-2: Strikes out looking
Batting: LHB Mike Hanson 0-0: Ball
1-0: Ball
2-0: Foul Ball, location: 2F
2-1: Foul Ball, location: 2F
2-2: Foul Ball, location: 2F
2-2: Foul Ball, location: 2F
2-2: Fly out, F5 (Popup, 5SF)
Batting: LHB Eugene Lawrence 0-0: Ground out 6-3 (Groundball, 6M)
Top of the 7th over - 0 run(s), 0 hit(s), 0 error(s), 0 left on base; Augusta 2 - Gryfindor 0
BOTTOM OF THE 7TH
Gryfindor Braves batting - Pitching for Augusta Timber Hawks : RHP Rory Robinson
Batting: RHB Jim Unknown 0-0: Ball
1-0: Fly out, F7 (Flyball, 78XD)
Batting: RHB Jim Unknown 0-0: Called Strike
0-1: SINGLE (Groundball, 6MD)
Batting: RHB Jim Unknown 0-0: Ball
1-0: SINGLE (Flyball, 8RS)
Jim Unknown to second
Runner from 2nd tries for 3rd, SAFE, throw made to third
Jim Unknown to second
Batting: RHB António Santana 0-0: Ball
1-0: Called Strike
1-1: Fly out, F6 (Line Drive, 6MD)
Batting: SHB Jim Unknown 0-0: Called Strike
Balk!
Jim Unknown scores
Jim Unknown to third
0-1: Ball
1-1: Foul Ball, location: 2F
1-2: SINGLE (Groundball, 15) (infield hit)
Jim Unknown scores
Batting: LHB Jim Unknown 0-0: Ball
1-0: Foul Ball, location: 2F
1-1: Hit by Pitch
Jim Unknown to second
Batting: RHB Turner Coleman 0-0: Ball
1-0: Ball
2-0: DOUBLE (Flyball, 9D)
Jim Unknown scores
Jim Unknown to third
Batting: RHB Jim Unknown 0-0: Ball
1-0: Ball
2-0: Ball
3-0: Called Strike
3-1: Base on Balls
Batting: SHB Jim Unknown 0-0: Swinging Strike
0-1: Swinging Strike
0-2: Ball
1-2: Ball
2-2: Ball
3-2: Ground out U3 (Groundball, 3S)
Bottom of the 7th over - 3 run(s), 4 hit(s), 0 error(s), 3 left on base; Augusta 2 - Gryfindor 3
TOP OF THE 8TH
Augusta Timber Hawks batting - Pitching for Gryfindor Braves : RHP Jim Unknown
Batting: SHB Lawrence Franklin 0-0: Ball
1-0: Ball
2-0: Foul Ball, location: 2F
2-1: Swinging Strike
2-2: Foul Ball, location: 2F
2-2: Ball
3-2: SOLO HOME RUN (Line Drive, 9LD), Distance : 337 ft
Batting: RHB Eddy Baxter 0-0: Ground out 5-3 (Groundball, 56)
Pinch Hitting: LHB Jim Unknown 0-0: Ball
1-0: Ground out 4-3 (Groundball, 4)
Batting: RHB Jack Hatcher 0-0: Ball
1-0: Called Strike
1-1: SINGLE (Groundball, 56D)
Pinch Hitting: RHB Tom Strickland 0-0: Ball
1-0: Ball
2-0: Called Strike
2-1: Fly out, F8 (Flyball, 8RS)
Top of the 8th over - 1 run(s), 2 hit(s), 0 error(s), 1 left on base; Augusta 3 - Gryfindor 3
BOTTOM OF THE 8TH
Gryfindor Braves batting - Pitching for Augusta Timber Hawks : RHP Rory Robinson
Now at 3B: Tom Strickland
Now in RF: Jim Unknown
Pinch Hitting: RHB Jim Unknown 0-0: Foul Ball, location: 2F
0-1: Ball
1-1: Foul Ball, location: 2F
1-2: Ball
2-2: Fly out, F2 (Popup, 2RF)
Pinch Hitting: LHB Jim Unknown 0-0: Called Strike
0-1: Ball
1-1: Foul Ball, location: 2F
1-2: Foul Ball, location: 2F
1-2: Fly out, F7 (Flyball, 7M)
Batting: RHB Jim Unknown 0-0: Called Strike
0-1: Ball
1-1: Swinging Strike
1-2: SINGLE (Groundball, 6MD)
Pitching: LHP Keith Hall
Batting: RHB António Santana 0-0: Ball
1-0: Ball
2-0: Foul Ball, location: 2F
2-1: Ball
Wild Pitch!
Jim Unknown to second
3-1: Fly out, F9 (Flyball, 9M)
Bottom of the 8th over - 0 run(s), 1 hit(s), 0 error(s), 1 left on base; Augusta 3 - Gryfindor 3
TOP OF THE 9TH
Augusta Timber Hawks batting - Pitching for Gryfindor Braves : RHP Jim Unknown
Now in LF: Jim Unknown
Now in RF: Jim Unknown
Pinch Hitting: LHB Chris Henry 0-0: Ground out 6-3 (Groundball, 6)
Batting: RHB Pedro Jiménez 0-0: Ball
1-0: Called Strike
1-1: Ball
2-1: Called Strike
2-2: Ball
3-2: SINGLE (Line Drive, 56D)
Pitching: LHP Jim Unknown
Pinch Hitting: SHB José Salazar 0-0: Foul Ball, location: 2F
0-1: Called Strike
0-2: Ball
1-2: Foul Ball, location: 2F
1-2: Ball
2-2: Ball
3-2: Strikes out looking
Pinch Hitting: RHB Juan Banda 0-0: Ball
Pedro Jiménez steals 2nd base
1-0: Ball
Wild Pitch!
Pedro Jiménez to third
2-0: Fly out, F3 (Popup, 3SF)
Top of the 9th over - 0 run(s), 1 hit(s), 0 error(s), 1 left on base; Augusta 3 - Gryfindor 3
BOTTOM OF THE 9TH
Gryfindor Braves batting - Pitching for Augusta Timber Hawks : LHP Keith Hall
Now at 2B: Juan Banda
Now in LF: Chris Henry
Now in RF: José Salazar
Batting: SHB Jim Unknown 0-0: Ground out 5-3 (Groundball, 56)
Batting: LHB Jim Unknown 0-0: Ball
1-0: Called Strike
1-1: Foul Ball, location: 2F
1-2: SINGLE (Line Drive, 78S)
Batting: RHB Turner Coleman Pickoff Throw to First - Out!
0-0: Ball
1-0: Foul Ball, location: 2F
1-1: Ball
2-1: Foul Ball, location: 2F
2-2: Ground out 5-3 (Groundball, 56S)
Bottom of the 9th over - 0 run(s), 1 hit(s), 0 error(s), 0 left on base; Augusta 3 - Gryfindor 3
TOP OF THE 10TH
Augusta Timber Hawks batting - Pitching for Gryfindor Braves : LHP Jim Unknown
Batting: SHB Lawrence Franklin 0-0: Ball
1-0: Called Strike
1-1: Ball
2-1: Swinging Strike
2-2: Strikes out looking
Batting: RHB Eddy Baxter 0-0: Ball
1-0: Ball
2-0: Fly out, F6 (Popup, 8LS)
Batting: LHB Jim Unknown 0-0: Foul Ball, location: 2F
0-1: Called Strike
0-2: Ball
1-2: Ball
2-2: Ball
3-2: Ground out 4-3 (Groundball, 4M)
Top of the 10th over - 0 run(s), 0 hit(s), 0 error(s), 0 left on base; Augusta 3 - Gryfindor 3
BOTTOM OF THE 10TH
Gryfindor Braves batting - Pitching for Augusta Timber Hawks : LHP Keith Hall
Batting: RHB Jim Unknown 0-0: Ball
1-0: Called Strike
1-1: Ground out 6-3 (Groundball, 6M)
Batting: SHB Jim Unknown 0-0: Ball
1-0: Fly out, F7 (Flyball, 78M)
Batting: RHB Jim Unknown 0-0: SINGLE (Line Drive, 6)
Batting: LHB Jim Unknown 0-0: Fly out, F7 (Flyball, 7S)
Bottom of the 10th over - 0 run(s), 1 hit(s), 0 error(s), 1 left on base; Augusta 3 - Gryfindor 3
TOP OF THE 11TH
Augusta Timber Hawks batting - Pitching for Gryfindor Braves : LHP Jim Unknown
Batting: RHB Jack Hatcher 0-0: Foul Ball, location: 2F
0-1: Foul Ball, location: 2F
0-2: Ball
1-2: Ground out 5-3 (Groundball, 5S)
Pitching: RHP Enrico Reséndez
Batting: RHB Tom Strickland 0-0: Ball
1-0: Ball
2-0: Ball
3-0: Called Strike
3-1: Base on Balls
Batting: LHB Chris Henry 0-0: Called Strike
0-1: Ground out U3 (Groundball, 3L)
Tom Strickland to second
Batting: RHB Pedro Jiménez 0-0: Called Strike
0-1: SINGLE (Line Drive, 8RS)
Tom Strickland to third
Batting: SHB José Salazar 0-0: Called Strike
0-1: Ball
1-1: Ball
2-1: Ball
3-1: Base on Balls
Pedro Jiménez to second
Batting: RHB Juan Banda 0-0: Fly out, F2 (Popup, 2LF)
Top of the 11th over - 0 run(s), 1 hit(s), 0 error(s), 3 left on base; Augusta 3 - Gryfindor 3
BOTTOM OF THE 11TH
Gryfindor Braves batting - Pitching for Augusta Timber Hawks : LHP Keith Hall
Batting: RHB Jim Unknown 0-0: Called Strike
0-1: Foul Ball, location: 2F
0-2: Ball
1-2: Ball
2-2: DOUBLE (Flyball, 78D)
Batting: RHB António Santana 0-0: Foul Ball, location: 2F
0-1: Called Strike
0-2: Foul Ball, location: 2F
0-2: Ball
1-2: Strikes out swinging
Batting: SHB Jim Unknown 0-0: Called Strike
0-1: Ball
1-1: Called Strike
1-2: Foul Ball, location: 2F
1-2: Foul Ball, location: 2F
1-2: Foul Ball, location: 2F
1-2: Strikes out looking
Batting: LHB Jim Unknown 0-0: Ball
1-0: Called Strike
1-1: Ground out 4-3 (Groundball, 4)
Bottom of the 11th over - 0 run(s), 1 hit(s), 0 error(s), 1 left on base; Augusta 3 - Gryfindor 3
TOP OF THE 12TH
Augusta Timber Hawks batting - Pitching for Gryfindor Braves : RHP Enrico Reséndez
Batting: SHB Lawrence Franklin 0-0: Ball
1-0: Called Strike
1-1: Swinging Strike
1-2: Ball
2-2: Foul Ball, location: 2F
2-2: Ground out 1-3 (Groundball, 13S)
Batting: RHB Eddy Baxter 0-0: Ball
1-0: Ball
2-0: Fly out, F8 (Flyball, 8RXD)
Batting: LHB Jim Unknown 0-0: Called Strike
0-1: Ball
1-1: Foul Ball, location: 2F
1-2: Fly out, F7 (Flyball, 7S)
Top of the 12th over - 0 run(s), 0 hit(s), 0 error(s), 0 left on base; Augusta 3 - Gryfindor 3
BOTTOM OF THE 12TH
Gryfindor Braves batting - Pitching for Augusta Timber Hawks : LHP Keith Hall
Batting: RHB Turner Coleman 0-0: Foul Ball, location: 2F
0-1: Foul Ball, location: 2F
0-2: Ground out 1-3 (Groundball, 13)
Batting: RHB Jim Unknown 0-0: Ball
1-0: Foul Ball, location: 2F
1-1: Ball
2-1: Called Strike
2-2: SINGLE (Groundball, 6MD)
Batting: SHB Jim Unknown 0-0: Ball
1-0: SINGLE (Flyball, 8LS)
Jim Unknown to second
Batting: RHB Jim Unknown 0-0: Ball
1-0: Called Strike
1-1: Called Strike
1-2: Strikes out swinging
Pitching: RHP Aaron O'Neill
Batting: LHB Jim Unknown 0-0: Ball
1-0: Ball
2-0: Swinging Strike
2-1: Foul Ball, location: 2F
2-2: Strikes out looking
Bottom of the 12th over - 0 run(s), 2 hit(s), 0 error(s), 2 left on base; Augusta 3 - Gryfindor 3
TOP OF THE 13TH
Augusta Timber Hawks batting - Pitching for Gryfindor Braves : RHP Enrico Reséndez
Batting: RHB Jack Hatcher 0-0: Called Strike
0-1: Ball
1-1: Ball
2-1: Swinging Strike
2-2: Strikes out looking
Batting: RHB Tom Strickland 0-0: Ball
1-0: Foul Ball, location: 2F
1-1: Foul Ball, location: 2F
1-2: TRIPLE (Flyball, 8RXD)
Batting: LHB Chris Henry 0-0: Intentional Walk
Batting: RHB Pedro Jiménez 0-0: Called Strike
0-1: Ball
1-1: Ball
2-1: Foul Ball, location: 2F
2-2: Strikes out swinging
Batting: SHB José Salazar 0-0: Fly out, F5 (Popup, 5DF)
Top of the 13th over - 0 run(s), 1 hit(s), 0 error(s), 2 left on base; Augusta 3 - Gryfindor 3
BOTTOM OF THE 13TH
Gryfindor Braves batting - Pitching for Augusta Timber Hawks : RHP Aaron O'Neill
Batting: RHB Jim Unknown 0-0: Ball
1-0: Ball
2-0: Foul Ball, location: 2F
2-1: SINGLE (Line Drive, 6D)
Batting: RHB António Santana 0-0: Called Strike
0-1: Ball
1-1: Bunted foul
1-2: SINGLE (Groundball, 56)
Jim Unknown to second
Batting: SHB Jim Unknown 0-0: Sac Bunt - play at first, batter OUT! 5-4
Jim Unknown to third
António Santana to second
Batting: LHB Jim Unknown 0-0: Intentional Walk
Batting: RHB Turner Coleman 0-0: GRAND SLAM HOME RUN (Line Drive, 7D), Distance : 396 ft
This league is powered by Out of the Park Baseball, the baseball management simulation game for PC, Mac and Linux
Friday, October 23rd, 2015 - OOTP Baseball 16.9 Build 39